 Dungeon Crawl Stone Soup version 0.29-a0-338-g1ff7896281 (webtiles) character file.

Game seed: 16768139036665502817

826 Jortsu the Cudgeller (level 7, -2/64 (68) HPs)
             Began as a Troll Fighter on Apr 19, 2022.
             Was a Priest of Wu Jian.
             Splashed by a jelly's acid (7 damage)
             ... on level 6 of the Dungeon.
             The game lasted 00:06:29 (3723 turns).

Jortsu the Cudgeller (Troll Fighter)                Turns: 3723, Time: 00:06:29

HP:   -2/64 (68)    AC: -4    Str: 27    XL:     7   Next: 64%
MP:   6/6           EV: 10    Int:  4    God:    Wu Jian [***...]
Gold: 162           SH:  0    Dex:  9    Spells: 6/6 levels left

rFire   . . .      SeeInvis .   r - +0 giant spiked club
rCold   . . .      Faith    .   (shield currently unavailable)
rNeg    . . .      Spirit   .   b - +0 robe
rPois   +          Reflect  .   (helmet restricted)
rElec   .          Harm     .   (no cloak)
rCorr   .          Rampage  .   (gloves unavailable)
Will    .....                   (boots unavailable)
Stlth   +.........              (no amulet)
HPRegen 1.00/turn               g - ring of poison resistance
MPRegen 0.10/turn               (no ring)

@: corroded, drained
A: large, unfitting armour, claws 3, regeneration 1, shaggy fur 1, tough skin 1
a: Renounce Religion, Wall Jump, Serpent's Lash


You were on level 6 of the Dungeon.
You worshipped Wu Jian.
Wu Jian was most pleased with you.
You visited 1 branch of the dungeon, and saw 6 of its levels.

You collected 162 gold pieces.

Inventory:

Hand Weapons
 a - a +0 flail
 r - a +0 giant spiked club (weapon)
Armour
 b - a +0 robe (worn)
 c - a +0 kite shield
Jewellery
 f - a ring of magical power
 g - a ring of poison resistance (left claw)
 p - a ring of fire
Wands
 k - a wand of paralysis (7)
Scrolls
 n - 2 scrolls of amnesia
 o - 2 scrolls of fog
 s - a scroll of identify {unknown}
 t - a scroll of enchant weapon {unknown}
Potions
 d - 3 potions of might
 e - a potion of flight {unknown}
 h - a potion of attraction {unknown}
 i - 7 potions of curing {unknown}
 j - 2 potions of magic {unknown}
 l - a potion of invisibility {unknown}
 m - a potion of heal wounds {unknown}
 q - a potion of degeneration {unknown}


   Skills:
 + Level 3.8 Fighting
 + Level 5.5 Maces & Flails
 + Level 4.1 Dodging
 + Level 0.4 Stealth
 + Level 3.5 Shields


You had 6 spell levels left.
You didn't know any spells.
Your spell library contained the following spells:

 Spells                   Type           Power      Damage    Failure   Level
 Magic Dart               Conj           0%         1d3       50%         1
 Blink                    Tloc           0%         N/A       65%         2
 Call Imp                 Summ           0%         N/A       65%         2
 Searing Ray              Conj           0%         2d4       65%         2
 Mephitic Cloud           Conj/Pois/Air  0%         N/A       86%         3
 Animate Armour           Summ/Erth      0%         N/A       99%         4
 Fulminant Prism          Conj/Hex       0%         3d6       99%         4
 Blade Hands              Tmut           0%         N/A       100%        5
 Manifold Assault         Tloc           0%         N/A       100%        5
 Iron Shot                Conj/Erth      0%         9d1       100%        6
 Storm Form               Tmut/Air       0%         N/A       100%        7


Dungeon Overview and Level Annotations

Branches:
Dungeon (6/15)             Temple (0/1) D:4

Altars:
Wu Jian
Zin

Shops:
D:3 [


Innate Abilities, Weirdness & Mutations

You are too large for most types of armour.
You have claws for hands.
Your natural rate of healing is unusually fast.
You are covered in fur. (AC +1)
You have tough skin. (AC +1)


Message History

You closely miss the adder. The adder bites you.
* * * LOW HITPOINT WARNING * * *
The adder closely misses you.
You closely miss the adder. The adder barely misses you.
The adder bites you but does no damage.
You barely miss the adder. The adder barely misses you. The adder bites you.
* * * LOW HITPOINT WARNING * * *
You barely miss the adder. The adder bites you but does no damage.
The adder closely misses you.
You closely miss the adder. The adder barely misses you. The adder bites you.
* * * LOW HITPOINT WARNING * * *
You barely miss the adder. The adder bites you but does no damage.
The adder closely misses you.
You impale the adder!!
You kill the adder!
The Council accepts your kill.
You see here an adder corpse.
Found a bubbling yellow potion.
A jelly comes into view.
An orc comes into view. It is wielding a +0 flail.
Found 3 atropa-tipped darts.
The orc shouts!
The jelly attacks as you move away! The jelly barely misses you.
You barely miss the jelly. The jelly barely misses you. The jelly hits you.
You are splashed with acid.
* * * LOW HITPOINT WARNING * * *
You puncture the jelly! The acid corrodes you!
Your claws burn!
* * * LOW HITPOINT WARNING * * *
The jelly is almost dead.
The jelly closely misses you.
You completely miss the jelly.
The jelly is almost dead.
The jelly hits you.
* * * LOW HITPOINT WARNING * * *
You are splashed with acid.
* * * LOW HITPOINT WARNING * * *
The jelly hits you.
* * * LOW HITPOINT WARNING * * *
The acid corrodes you!
You are splashed with acid!
You die...

#.# #<# #†#
#.# #.# #.#
# #.#
#.###.####.#
#..!....oJ@#
#........###
#........#
.........#
..........
##........#
#........#
#.......(#


You could see a jelly and an orc.

Vanquished Creatures
  A sky beast (D:5)
  An ogre (D:5)
  A centaur (D:4)
  A phantom (D:5)
  A necrophage (D:5)
  A jelly (D:5)
  An orc priest (D:2)
  2 hounds
  2 iguanas (D:4)
  2 orc wizards (D:3)
  8 adders
  An ufetubus (D:4)
  4 worms (D:3)
  A dart slug (D:2)
  15 orcs
  3 bats
  5 endoplasms
  4 giant cockroaches
  7 goblins
  13 hobgoblins
  9 jackals
  3 quokkas
  5 ball pythons
  3 frilled lizards
  4 kobolds
  5 rats
103 creatures vanquished.

Vanquished Creatures (others)
  An orc wizard (D:3)
  3 plants (D:1)
4 creatures vanquished.

Grand Total: 107 creatures vanquished

Notes
Turn   | Place    | Note
-------+----------+-------------------------------------------
     0 | D:1      | Jortsu the Troll Fighter began the quest for the Orb.
     0 | D:1      | Reached XP level 1. HP: 22/22 MP: 0/0
   181 | D:1      | Reached XP level 2. HP: 26/29 MP: 1/1
   246 | D:1      | Found a faded altar of an unknown god.
   247 | D:1      | Noticed a great orb of eyes
   249 | D:1      | Noticed a great orb of eyes
   249 | D:1      | Noticed a golden eye
   249 | D:1      | Noticed a shining eye
   254 | D:1      | Prayed at the altar of an unknown god.
   254 | D:1      | Became a worshipper of the Wu Jian Council
   254 | D:1      | Reached * piety under Wu Jian
   450 | D:1      | Reached skill level 2 in Maces & Flails
  1254 | D:2      | Reached XP level 3. HP: 16/36 MP: 2/2
  1455 | D:2      | Found a glowing silver altar of Zin.
  1562 | D:2      | Reached ** piety under Wu Jian
  1839 | D:3      | Found Wink's Antique Armour Shoppe.
  1870 | D:2      | Reached XP level 4. HP: 35/44 MP: 3/3
  1890 | D:2      | Reached skill level 3 in Maces & Flails
  1970 | D:3      | Reached XP level 5. HP: 50/52 MP: 4/4
  2320 | D:3      | Reached skill level 4 in Maces & Flails
  2390 | D:3      | Reached *** piety under Wu Jian
  2654 | D:4      | Reached XP level 6. HP: 61/61 MP: 5/5
  3064 | D:4      | Found a staircase to the Ecumenical Temple.
  3301 | D:5      | Entered Level 5 of the Dungeon
  3320 | D:5      | Noticed a sky beast
  3342 | D:5      | Killed a sky beast
  3343 | D:5      | Reached skill level 5 in Maces & Flails
  3343 | D:5      | Reached XP level 7. HP: 65/67 MP: 6/6
  3632 | D:5      | Identified the +7 quarterstaff "Pinad" {vorpal, rCorr}
  3697 | D:6      | HP: 3/64 [adder (2)]
  3703 | D:6      | HP: 3/64 [adder (3)]
  3723 | D:6      | Splashed by a jelly's acid

Illustrated notes

Levels and vault maps discovered:
D:1:      tarquinn_simple_flora_water_f, layout_loops_ring,
          hellmonk_ecumenical_altar_watching_god, serial_forest,
          infiniplex_forest_lined_4_way, infiniplex_forest_lined_corner,
          infiniplex_forest_lined_3, infiniplex_forest_straight_4,
          infiniplex_forest_corner_2, infiniplex_forest_clump_cross,
          infiniplex_forest_join, infiniplex_forest_straight_1,
          infiniplex_forest_end_2, minivault_27
D:2:      layout_basic, basic_altar
D:3:      layout_basic, serial_shops, shop_statue, nicolae_wormholes
D:4:      layout_cave_pools, minmay_temple_entry_nine_rooms,
          serial_column_ruins, column_ruins_hut, column_ruins_grid_3,
          column_ruins_grid_1, column_ruins_grid_3, column_ruins_open_medium,
          column_ruins_open_tiny, column_ruins_columns_straight,
          column_ruins_columns_T, serial_bayou_pond_c, serial_bayou_ford_a
D:5:      layout_gridville, mainiacjoe_overflow_alcove_2
D:6:      layout_loops_ring, dancing_weapons_uskayaw,
          grunt_temple_overflow_open, serial_shops, kennysheep_little_box,
          portal_sewer_entry_d, enter_ossuary_2, uniq_grinder, uniq_duvessa

Skill      XL: |  1  2  3  4  5  6  7 |
---------------+----------------------+-----
Maces & Flails | 2 3 4 5 |  5.5
Dodging        | 3 4 |  4.1
Fighting       | 3 |  3.8
Shields        | 3 |  3.5
Stealth        | |  0.4

Action                   |  1- 3 |  4- 6 |  7- 9 || total
-------------------------+-------+-------+-------++-------
Melee: Flail             |   140 |   235 |    25 ||   400
       Giant spiked club |       |       |    42 ||    42
Invok: Lunge             |     6 |    10 |     1 ||    17
       Whirlwind         |     6 |    12 |     2 ||    20
  Use: Scroll            |     2 |     2 |       ||     4
Armor: Robe              |    64 |    99 |    25 ||   188
Dodge: Dodged            |    71 |    84 |    68 ||   223
Block: Kite shield       |    60 |    89 |    11 ||   160

Table legend: (Time is in decaauts)
 A = Elapsed time spent in this place.
 B = Non-inter-level travel time spent in this place.
 C = Inter-level travel time spent in this place.
 D = Time resting spent in this place.
 E = Time spent auto-exploring this place.
 F = Levels seen in this place.
 G = Mean time per level.
                   A        B        C        D        E       F      G
               +--------+--------+--------+--------+--------+-----+--------+
         Total |   3885 |   3778 |    107 |    358 |   2201 |   6 |  647.5 |
       Dungeon |   3885 |   3778 |    107 |    358 |   2201 |   6 |  647.5 |
               +--------+--------+--------+--------+--------+-----+--------+

Top non-repeatable levels by time:
     D:1: 1219 daAuts
     D:4: 786 daAuts
     D:2: 731 daAuts
     D:3: 695 daAuts
     D:5: 413 daAuts
     D:6: 39 daAuts
